 Dungeon Sprint DCSS version 0.30-a0-371-gad7725a93e (webtiles) character file.

Game seed: 621909237995512721

828 mhtbhm the Protected (level 7, -5/73 HPs)
             Began as an Armataur Fighter on Nov 20, 2022.
             Was an Initiate of Gozag.
             Killed from afar by a deep elf pyromancer (29 damage)
             ... with a bolt of fire
             ... in the Dungeon (Sprint III: "The Ten Rune Challenge").
             The game lasted 00:01:25 (565 turns).

mhtbhm the Protected (Armataur Fighter)              Turns: 565, Time: 00:01:26

Health: -5/73      AC: 10    Str: 23    XL:     7   Next: 65%
Magic:  7/7        EV:  8    Int:  9    God:    Gozag
Gold:   441        SH:  6    Dex:  9    Spells: 6/6 levels left

rFire   . . .      SeeInvis .    a - +0 flail
rCold   . . .      Faith    .    c - +0 buckler
rNeg    . . .      Spirit   .    b - +0 scale mail
rPois   +          Reflect  .    (no helmet)
rElec   .          Harm     .    i - +0 cloak {rPois}
rCorr   .          Roll     +    (no gloves)
Will    .....      NoTele   +    (no barding)
Stlth   ..........               (no amulet)
HPRegen 0.32/turn                (no ring)
MPRegen 0.10/turn                (no ring)

@: no status effects
A: large, rugged brown scales 3, deformed body, armoured tail, roll, long
tongue, awkward tongue
a: Renounce Religion, Potion Petition, Call Merchant, Bribe Branch


You were in the Dungeon.
You worshipped Gozag.
Gozag was aware of your devotion.
You visited 1 branch You collected 441 gold pieces.

Inventory:

Hand Weapons
 a - a +0 flail (weapon)
Armour
 b - a +0 scale mail (worn)
 c - a +0 buckler (worn)
 i - a +0 cloak of poison resistance (worn)
Wands
 d - a wand of light (7)
Scrolls
 j - a scroll of blinking
 k - 3 scrolls of identify {unknown}
 m - a scroll of immolation {unknown}
 n - a scroll of poison {unknown}
Potions
 e - a potion of curing
 h - 2 potions of magic
 l - 3 potions of mutation {unknown}
 o - a potion of degeneration {unknown}
 p - a potion of flight {unknown}


   Skills:
 + Level 8.8 Fighting
 + Level 7.6 Maces & Flails
 + Level 10.8 Armour
 + Level 1.5 Dodging
 + Level 9.2 Shields


You had 6 spell levels left.
You didn't know any spells.
Your spell library contained the following spells:

 Spells                   Type           Power      Damage    Failure   Level
 Apportation              Tloc           0%         N/A       69%         1
 Necrotise                Necr           0%         1d4       69%         1
 Slow                     Hex            0%         N/A       69%         1
 Summon Small Mammal      Summ           0%         N/A       69%         1
 Confusing Touch          Hex            0%         N/A       96%         3
 Vampiric Draining        Necr           0%         2d6       96%         3


Dungeon Overview and Level Annotations

Branches:
Dungeon (1/1)

Altars:
Cheibriados
Dithmenos
Elyvilon
Fedhas
Gozag
Hepliaklqana
Kikubaaqudgha
Makhleb
Nemelex Xobeh
Okawaru
Qazlal
Ru
Sif Muna
Trog
Uskayaw
Vehumet
Wu Jian
Xom
Yredelemnul
Zin
The Shining One
Jiyva
Lugonu


Innate Abilities, Weirdness & Mutations

You are completely covered in rugged brown scales. (AC +3, +7% HP)
Armour fits poorly on your strangely shaped body.
You have a long armoured tail.
You roll when moving toward enemies. (Rampage)
Your long tongue fully drains potion bottles. (2x potion effects)
Your tongue gives you trouble enunciating. (1.5x scroll delay)


Message History

You are too injured to fight recklessly!
You are too injured to fight recklessly!
You are too injured to fight recklessly!
You are too injured to fight recklessly!
You are too injured to fight recklessly!
You are too injured to fight recklessly!
You are too injured to fight recklessly!
You are too injured to fight recklessly!
You are too injured to fight recklessly!
You are too injured to fight recklessly!
You are too injured to fight recklessly!
You are too injured to fight recklessly!
You are too injured to fight recklessly!
You are too injured to fight recklessly!
You are too injured to fight recklessly!
You are too injured to fight recklessly!
You are too injured to fight recklessly!
You are too injured to fight recklessly!
You sock the deep elf pyromancer!
Your tail-slap misses the deep elf pyromancer.
The deep elf pyromancer is severely wounded.
You block the deep elf pyromancer's attack.
You closely miss the deep elf pyromancer.
You tail-slap the deep elf pyromancer.
The deep elf pyromancer is severely wounded.
The deep elf pyromancer gestures at you while chanting.
The bolt of fire misses you.
You closely miss the deep elf pyromancer.
Your tail-slap misses the deep elf pyromancer.
The deep elf pyromancer is severely wounded.
The deep elf pyromancer mumbles some strange words.
The deep elf pyromancer blinks!
You block the deep elf pyromancer's attack.
There is an open door here.
You sock the deep elf pyromancer!
The deep elf pyromancer is almost dead.
The deep elf pyromancer points at you and mumbles some strange words.
The bolt of fire hits you!!
You die...
Your body crumbles into a pile of gold.

▓▓▓▓▓▓ ▓▓▓ .'...♣♣♣♣
♣.############$$$ $ .#......♣
♣.#___#___#__#$ ##.....♣♣
♣.#!..#__)#._#
.#....~.♣♣♣♣.###@#'###)##
.#...~~......#..e.......# $
[#).~~~~..♣..'.⌠........#$$$$
'#..~≈≈~~~...#)..######'# $$
$ .#†~~≈~~~....#.⌠.#__#...#
.#.~≈~~~.....#.).#__#...#
.#.~~~.......#'###__#...#
##...........#...#__#...+
.............#___#__'...#


You could see a deep elf pyromancer.

Vanquished Creatures
  A shadow (D)
  A spatial vortex (D)
  A water elemental (D)
  A necrophage (D)
  A jelly (D)
  Crazy Yiuf (D)
  A wizard (D)
  A necromancer (D)
  A kobold demonologist (D)
  3 humans (D)
  2 endoplasms (D)
  2 rats (D)
16 creatures vanquished.

Notes
Turn   | Place    | Note
-------+----------+-------------------------------------------
     0 | D        | mhtbhm the Armataur Fighter began the quest for the Orb.
     0 | D        | Reached XP level 1. HP: 19/19 MP: 1/1
     5 | D        | Reached skill level 4 in Armour
    38 | D        | Noticed Crazy Yiuf
    46 | D        | Killed Crazy Yiuf
    47 | D        | Reached skill level 5 in Armour
    47 | D        | Reached XP level 2. HP: 28/28 MP: 0/2
    47 | D        | Reached XP level 3. HP: 35/35 MP: 0/3
   141 | D        | Reached skill level 5 in Shields
   187 | D        | Noticed a water elemental
   192 | D        | Killed a water elemental
   193 | D        | Reached skill level 5 in Fighting
   193 | D        | Reached skill level 7 in Armour
   193 | D        | Reached XP level 4. HP: 22/44 MP: 4/4
   205 | D        | Noticed a shadow
   208 | D        | Killed a shadow
   209 | D        | Reached skill level 5 in Maces & Flails
   209 | D        | Reached skill level 8 in Armour
   209 | D        | Reached XP level 5. HP: 54/54 MP: 5/5
   209 | D        | Reached XP level 6. HP: 62/62 MP: 6/6
   215 | D        | Found a blossoming altar of Fedhas.
   215 | D        | Found a stormy altar of Qazlal.
   216 | D        | Found a snail-covered altar of Cheibriados.
   216 | D        | Found a burning altar of Makhleb.
   216 | D        | Found a hazy altar of Hepliaklqana.
   216 | D        | Found a shimmering altar of Xom.
   216 | D        | Found an opulent altar of Gozag.
   216 | D        | Found a sparkling altar of Nemelex Xobeh.
   216 | D        | Found a corrupted altar of Lugonu.
   216 | D        | Found a viscous altar of Jiyva.
   216 | D        | Noticed a spatial vortex
   225 | D        | Killed a spatial vortex
   226 | D        | Reached skill level 9 in Armour
   226 | D        | Reached skill level 1 in Dodging
   228 | D        | Became a worshipper of Gozag Ym Sagoz the Greedy
   244 | D        | Found a basalt altar of Yredelemnul.
   244 | D        | Found a shadowy altar of Dithmenos.
   244 | D        | Found a sacrificial altar of Ru.
   258 | D        | Found a hide-covered altar of Uskayaw.
   258 | D        | Found an iron altar of Okawaru.
   259 | D        | Found a bloodstained altar of Trog.
   259 | D        | Found an ornate altar of the Wu Jian Council.
   259 | D        | Noticed a human
   259 | D        | Noticed a human
   263 | D        | Killed a human
   264 | D        | Reached skill level 10 in Armour
   264 | D        | Reached XP level 7. HP: 44/73 MP: 7/7
   275 | D        | Killed a human
   416 | D        | Found a radiant altar of Vehumet.
   416 | D        | Found a shimmering blue altar of Sif Muna.
   416 | D        | Found an ancient bone altar of Kikubaaqudgha.
   552 | D        | Found a glowing silver altar of Zin.
   552 | D        | Found a glowing golden altar of the Shining One.
   552 | D        | Found a white marble altar of Elyvilon.
   552 | D        | Noticed a deep elf pyromancer
   565 | D        | Killed from afar by a deep elf pyromancer

Illustrated notes

Levels and vault maps discovered:
D:        dungeon_sprint_mu [sprint_mu_entry_forest, sprint_mu_temple_rooms,
          sprint_mu_d1_horrors, sprint_mu_d2_genie, sprint_mu_d3_branching,
          sprint_mu_orc_legion, sprint_mu_elf_gauntlet, sprint_mu_hive_nellie,
          sprint_mu_lair_fedhas, sprint_mu_vaults_butterflies,
          sprint_mu_slime_circle, sprint_mu_swamp_cave, sprint_mu_shoals_kraken,
          sprint_mu_blade_basic, sprint_mu_crypt_lich, sprint_mu_tomb_spiral,
          sprint_mu_vestibule_basic, sprint_mu_gehenna_hellfire,
          sprint_mu_dis_giant, sprint_mu_tartarus_statrot,
          sprint_mu_cocytus_islands, sprint_mu_zot1]

Skill      XL: |  1  2  3  4  5  6  7 |
---------------+----------------------+-----
Fighting       | 4 5 6 8 |  8.8
Armour         | 5 7 8 10 | 10.8
Maces & Flails | 2 3 5 6 7 |  7.6
Shields        | 4 5 7 8 9 |  9.2
Dodging        | 1 |  1.5

Action                   |  1- 3 |  4- 6 |  7- 9 || total
-------------------------+-------+-------+-------++-------
Melee: Flail             |    24 |    27 |    34 ||    85
       Tailslap          |     2 |     7 |     5 ||    14
  Use: Potion            |     2 |     2 |     2 ||     6
Armor: Scale mail        |     5 |     5 |    12 ||    22
Dodge: Dodged            |     4 |     4 |     7 ||    15
Block: Buckler           |     5 |     5 |     5 ||    15

Table legend: (Time is in decaauts)
 A = Elapsed time spent in this place.
 B = Non-inter-level travel time spent in this place.
 C = Inter-level travel time spent in this place.
 D = Time resting spent in this place.
 E = Time spent auto-exploring this place.
 F = Levels seen in this place.
 G = Mean time per level.
                   A        B        C        D        E       F      G
               +--------+--------+--------+--------+--------+-----+--------+
         Total |    573 |    573 |      0 |    295 |      1 |   1 |  573.0 |
       Dungeon |    573 |    573 |      0 |    295 |      1 |   1 |  573.0 |
               +--------+--------+--------+--------+--------+-----+--------+

Top non-repeatable levels by time:
       D: 573 daAuts
